[Event "Late-Titled-Tuesday-Blitz-September-12-2023"]
[Site "Chess.com"]
[Date "2023.09.12"]
[Round "8"]
[White "CURRUTACO59"]
[Black "Dewarfd"]
[Result "0-1"]
[WhiteElo "2250"]
[BlackElo "2210"]
[TimeControl "180+1"]
[EndTime "15:21:24 PDT"]
[Termination "Dewarfd won by resignation"]

1. Nf3 d5 2. d4 e6 3. c4 c5 4.
cxd5 exd5 5. Nc3 Nc6 6. e3 Nf6 7. dxc5 Bxc5 8. Be2 O-O 9. O-O d4 10. exd4 Nxd4 11. Nxd4 Bxd4 12. Nb5 Bb6 13. Bf4 Be6 14.
Qa4 Nd5 15. Bg3 Qd7 16. Rad1 a6 17. Nc3 Nxc3 18. Rxd7 Nxa4 19. Rxb7 Ra7 20. Rxa7 Bxa7 21. b3 Nc3 22. Bxa6 Nxa2 23. Bc4 Bxc4 24. bxc4 Nc3 25.
Re1 h6 26. h4 Rc8 27. Re7 Bc5 28. Be5 Bxe7 0-1

[Event "Late-Titled-Tuesday-Blitz-September-12-2023"]
[Site "Chess.com"]
[Date "2023.09.12"]
[Round "8"]
[White "Marielchessy"]
[Black "AlejandroBalde"]
[Result "1-0"]
[WhiteElo "2324"]
[BlackElo "2003"]
[TimeControl "180+1"]
[EndTime "15:21:27 PDT"]
[Termination "Marielchessy won by resignation"]

1. e4 c5 2. Nf3 Nc6 3. d4 cxd4 4.
Nxd4 e5 5. Nb5 a6 6. Nd6+ Bxd6 7. Qxd6 Qf6 8. Qd1 Qg6 9. Nc3 d5 10. Nxd5 Qxe4+ 11. Be3 Nd4 12. Nc7+ Ke7 13. Rc1 Rb8 14.
c3 Nf5 15. Bd3 Qxg2 16. Bc5+ Kf6 17. Ne8+ Kg6 18. Kd2 Qg5+ 19. Kc2 e4 20. Rg1 exd3+ 21. Qxd3 Nf6 22. Rxg5+ Kxg5 23. Rg1+ Kh6 24. Nxf6 Nh4 25. Be3+ g5 26. Bxg5+ Kg7 27. Bxh4+ 1-0

[Event "Late-Titled-Tuesday-Blitz-September-12-2023"]
[Site "Chess.com"]
[Date "2023.09.12"]
[Round "8"]
[White "simplerXiao"]
[Black "WaybackBoy"]
[Result "0-1"]
[WhiteElo "2525"]
[BlackElo "2723"]
[TimeControl "180+1"]
[EndTime "15:21:32 PDT"]
[Termination "WaybackBoy won by resignation"]

1. e4 c5 2. Nf3 d6 3. d4 cxd4 4. Nxd4 Nf6 5. Nc3 Nc6 6. Bc4 Qb6 7. Nde2 e6 8. Bb3 Be7 9. Be3 Qc7 10. Ng3 a6 11. f4 Na5 12. Qe2 b5 13. f5 Bd7 14. fxe6 fxe6 15. Nh5 Nxb3 16. axb3 O-O 17. Ng3 b4 18. Na4 Bb5 19. Qd2 Ng4 20. Bb6 Qc6 21. h3 Bh4 22. O-O-O Bxg3 23. hxg4 Bxa4 24. Be3 Bxb3 25. Kb1 Bc4 26. Rh3 Be5 27. Rdh1 Rf1+ 28. Rxf1 Bxf1 29. Qe1 Bxg2 30. Rh5 Bxe4 0-1

[Event "Late-Titled-Tuesday-Blitz-September-12-2023"]
[Site "Chess.com"]
[Date "2023.09.12"]
[Round "8"]
[White "leoduarte"]
[Black "NotFischer"]
[Result "1-0"]
[WhiteElo "2457"]
[BlackElo "2300"]
[TimeControl "180+1"]
[EndTime "15:21:35 PDT"]
[Termination "leoduarte won by checkmate"]

1. d4 Nf6 2. c4 g6 3. Nc3 Bg7 4. e4 d6 5. h3 O-O 6. Be3 e5 7.
d5 c5 8. g4 Ne8 9. Nge2 f5 10.
gxf5 gxf5 11. exf5 Bxf5 12. Ng3 Bg6 13. h4 h6 14. Qd2 Qf6 15. O-O-O Bh7 16. Nh5 Qf5 17.
Ng3 Qf6 18. Bh3 Kh8 19. Rdg1 Na6 20. Nh5 Qe7 21. Bxh6 Bxh6 22. Qxh6 Rxf2 23. Be6 Nb4 24. Rg8# 1-0

[Event "Late-Titled-Tuesday-Blitz-September-12-2023"]
[Site "Chess.com"]
[Date "2023.09.12"]
[Round "8"]
[White "chessisveryfun1264"]
[Black "Jenia84"]
[Result "1-0"]
[WhiteElo "2548"]
[BlackElo "2384"]
[TimeControl "180+1"]
[EndTime "15:21:44 PDT"]
[Termination "chessisveryfun1264 won by resignation"]

1. e4 c5 2. Nf3 d6 3. d4 cxd4 4. Qxd4 Nc6 5. Bb5 Bd7 6. Qd3 g6 7. c4 Bg7 8. Nc3 Nf6 9. Be3 a6 10. Bxc6 Bxc6 11. Nd4 O-O 12. h3 Rc8 13. O-O Nd7 14.
Rac1 Ne5 15. Qe2 Bd7 16. b3 Nc6 17. Rfd1 Qa5 18. Nd5 Qd8 19. Nf3 Ne5 20. Bb6 Qe8 21. Nxe5 Bxe5 22. Qe3 Bc6 23. f4 Bg7 24. e5 dxe5 25.
fxe5 Bxd5 26. Rxd5 Qc6 27. Rcd1 h5 28. Bd4 Qe6 29. Bb2 b5 30. c5 b4 31. Qd4 a5 32. a3 Rb8 33. a4 Rbc8 34. Bc1 Rc6 35. Be3 Kh7 36. Qe4 f6 37. Rd7 fxe5 38. Qd5 Qxd5 39.
R1xd5 Bf6 40. Ra7 Kg7 41. Rxa5 Kf7 42. Rb5 Ke6 43. Rd1 e4 44. Rxb4 Bc3 45. Rxe4+ 1-0

[Event "Late-Titled-Tuesday-Blitz-September-12-2023"]
[Site "Chess.com"]
[Date "2023.09.12"]
[Round "8"]
[White "Veleamater"]
[Black "szachmistrz2500"]
[Result "0-1"]
[WhiteElo "2320"]
[BlackElo "2458"]
[TimeControl "180+1"]
[EndTime "15:21:49 PDT"]
[Termination "szachmistrz2500 won by resignation"]

1. g3 d5 2. Bg2 c5 3. d3 Nc6 4.
Nf3 e5 5. O-O Nf6 6. Nc3 Be7 7.
e4 Be6 8. h3 h6 9. Nd2 O-O 10.
f4 exf4 11. gxf4 dxe4 12. dxe4 Qd4+ 13. Kh2 Rad8 14. e5 Nd5 15. Qf3 Nxc3 16. bxc3 Qd5 17. Qxd5 Bxd5 18. Ne4 b6 19. Be3 Na5 20. Rfd1 Be6 21.
Bf1 Bf5 22. Ng3 Bxc2 23. Rxd8 Rxd8 24. f5 Bg5 25. Re1 Rd1 26. Rxd1 Bxd1 27. Bxg5 hxg5 28. Bd3 Bf3 29. Kg1 Bd5 30. Bb1 Nc6 31. e6 fxe6 32.
fxe6 Bxe6 33. Kf2 Bxh3 34. Ke3 Be6 35. a3 Ne5 36. Ne4 Nc4+ 37. Kd3 Nxa3 38. Nxg5 Bf5+ 0-1

[Event "Late-Titled-Tuesday-Blitz-September-12-2023"]
[Site "Chess.com"]
[Date "2023.09.12"]
[Round "8"]
[White "enestnrvrd"]
[Black "Djager97"]
[Result "0-1"]
[WhiteElo "2705"]
[BlackElo "2550"]
[TimeControl "180+1"]
[EndTime "15:21:51 PDT"]
[Termination "Djager97 won by checkmate"]

1. Nf3 d5 2. d4 Nf6 3. c4 e6 4.
Nc3 c6 5. Bg5 Nbd7 6. e3 Qa5 7.
Nd2 Bb4 8. Qc2 dxc4 9. Bxf6 Nxf6 10. Nxc4 Qc7 11. g3 c5 12. Bg2 O-O 13. O-O Bd7 14.
a3 cxd4 15. axb4 Qxc4 16. exd4 Bc6 17. Bxc6 bxc6 18. Ra4 Qxd4 19. Rfa1 Qb6 20. Ra6 Qxb4 21. Rxc6 a5 22. Ra4 Qb7 23. Rc5 Qb6 24. Rb5 Qc7 25. Rh4 h6 26. Qc1 Rfb8 27. Qf1 Rxb5 28.
Nxb5 Qc2 29. Qa1 Rd8 30. Qxa5 Rd1+ 31. Kg2 Qc6+ 32. Kh3 Rd5 33. Nd4 Qc1 34. Qa8+ Kh7 35. Qa3 Qf1# 0-1

[Event "Late-Titled-Tuesday-Blitz-September-12-2023"]
[Site "Chess.com"]
[Date "2023.09.12"]
[Round "8"]
[White "emirgulbeyaz"]
[Black "YEIKO2017"]
[Result "0-1"]
[WhiteElo "2352"]
[BlackElo "2534"]
[TimeControl "180+1"]
[EndTime "15:21:57 PDT"]
[Termination "YEIKO2017 won by resignation"]

1. d4 Nf6 2. Bf4 g6 3. Nc3 d5 4.
e3 Bg7 5. h4 c5 6. Nf3 Nc6 7.
Nb5 O-O 8. c3 Bg4 9. Be2 a6 10.
Na3 c4 11. Ne5 Bxe2 12. Qxe2 Nxe5 13. Bxe5 b5 14. Nc2 a5 15. Bxf6 exf6 16. O-O f5 17. g3 Re8 18. Qf3 Qd6 19. Ne1 b4 20. Ng2 Rab8 21.
Nf4 Red8 22. Rab1 h5 23. Rfc1 Rb5 24. b3 bxc3 25. bxc4 Rxb1 26. Rxb1 Qa3 27. Qe2 dxc4 28. Qc2 Bf8 29. Ne2 Bb4 30. Rc1 Rc8 31. Nxc3 Bxc3 32. Qxc3 Qxc3 33. Rxc3 Kf8 34. f3 Ke7 35. Kf2 Kd6 36.
e4 fxe4 37. fxe4 f5 38. Ke3 fxe4 39. Kxe4 Re8+ 40. Kf4 Kd5 41. Kg5 Kxd4 42. Rc1 Re6 43. Rd1+ Kc5 44. a3 c3 45. Rd8 c2 46. Rc8+ Rc6 47.
Rxc6+ Kxc6 0-1

[Event "Late-Titled-Tuesday-Blitz-September-12-2023"]
[Site "Chess.com"]
[Date "2023.09.12"]
[Round "8"]
[White "WilliamAlfaroCaracas"]
[Black "FuenfgegenWilly"]
[Result "1-0"]
[WhiteElo "2289"]
[BlackElo "2361"]
[TimeControl "180+1"]
[EndTime "15:21:57 PDT"]
[Termination "WilliamAlfaroCaracas won by checkmate"]

1. e4 e5 2. Nf3 Nc6 3. Nc3 Nf6 4. h3 h6 5. Bb5 Bd6 6. O-O Nb8 7. d4 Qe7 8. dxe5 Bxe5 9. Nxe5 Qxe5 10. f4 Qc5+ 11. Kh1 O-O 12. Qe2 d5 13. e5 Ne4 14. Nxe4 dxe4 15. Be3 Qe7 16. f5 Qxe5 17. c3 Bxf5 18. Bd4 Qe6 19. Bc4 Qc8 20. Qh5 Be6 21. Qe5 f6 22. Bxe6+ Kh8 23. Bxc8 Rxc8 24. Qe6 Nc6 25. Bxf6 Rf8 26. Bd4 Rae8 27. Qd7 Rg8 28. Rf7 Nb8 29. Qxc7 Rc8 30. Qxb7 Nc6 31. Bxg7+ Kh7 32. Bf6+ Kg6 33. Bd4 Nxd4 34. cxd4 Kh5 35. Qd5+ Rg5 36. Qxe4 Rcg8 37. g4+ Kh4 38. Rf6 Kxh3 39. Qf3+ Kh4 40. Rxh6+ Rh5 41.
Rxh5# 1-0

[Event "Late-Titled-Tuesday-Blitz-September-12-2023"]
[Site "Chess.com"]
[Date "2023.09.12"]
[Round "8"]
[White "Abund"]
[Black "jaskol95"]
[Result "1-0"]
[WhiteElo "2743"]
[BlackElo "2541"]
[TimeControl "180+1"]
[EndTime "15:21:58 PDT"]
[Termination "Abund won by checkmate"]

1. e4 c5 2. Nf3 e6 3. c3 Nf6 4. e5 Nd5 5. g3 d6 6. exd6 Bxd6 7. Bg2 Nc6 8. O-O O-O 9. d4 cxd4 10. Nxd4 Nxd4 11.
Qxd4 Be7 12. Rd1 Bf6 13. Qe4 Qc7 14. c4 Nb6 15. Na3 a6 16. Bf4 e5 17. Be3 Be6 18. c5 Nd5 19. Rxd5 Bxd5 20. Qxd5 Rab8 21.
Nc4 Rfd8 22. Nd6 e4 23. Rb1 b6 24. Qxe4 bxc5 25. Nc4 Re8 26. Qc2 Qd7 27. Rd1 Qb5 28. Nd6 Qxb2 29. Qxb2 Bxb2 30. Nxe8 Rxe8 31. Bxc5 h6 32. h4 g6 33. Be3 Re5 34. Bxh6 Ra5 35.
Bd5 Be5 36. Be3 Ra3 37. Kg2 Kg7 38. Bb3 Ra5 39. Bc4 Ra4 40. Bb3 Ra5 41. Rd7 g5 42. Rxf7+ Kg6 43. hxg5 Rb5 44. Re7 Bd6 45. Bc2+ Kh5 46.
Rh7+ Kg4 47. f3# 1-0

[Event "Late-Titled-Tuesday-Blitz-September-12-2023"]
[Site "Chess.com"]
[Date "2023.09.12"]
[Round "8"]
[White "tteshan"]
[Black "F-Ghaith2021"]
[Result "0-1"]
[WhiteElo "2522"]
[BlackElo "2390"]
[TimeControl "180+1"]
[EndTime "15:21:58 PDT"]
[Termination "F-Ghaith2021 won by resignation"]

1. e4 c6 2. d4 d5 3. Nc3 dxe4 4. Nxe4 Nf6 5. Nxf6+ exf6 6. c3 Bd6 7. Bd3 O-O 8. Ne2 Nd7 9. O-O Re8 10. Ng3 Nf8 11. f4 c5 12. d5 Ng6 13. f5 Ne5 14.
Bc2 c4 15. Nh5 b5 16. Bf4 g5 17. fxg6 hxg6 18. Bxe5 Bxe5 19. Ng3 Kg7 20. Qf3 Rh8 21. Rad1 Qb6+ 22. Qf2 Qc7 23. d6 Qd8 24. Qc5 Bg4 25. Rd2 Rxh2 26. Ne4 Qh8 27. d7 Qh4 28. Nf2 Rxg2+ 29.
Kxg2 Qg3+ 30. Kh1 Rh8+ 0-1

[Event "Late-Titled-Tuesday-Blitz-September-12-2023"]
[Site "Chess.com"]
[Date "2023.09.12"]
[Round "8"]
[White "DryCounty"]
[Black "Msb2"]
[Result "0-1"]
[WhiteElo "2662"]
[BlackElo "3088"]
[TimeControl "180+1"]
[EndTime "15:22:04 PDT"]
[Termination "Msb2 won by resignation"]

1. e4 e6 2. d4 d5 3. exd5 exd5 4. Nf3 Nc6 5. h3 a6 6. c3 Bf5 7. Bd3 Bxd3 8. Qxd3 Bd6 9. O-O Nge7 10. Nbd2 O-O 11. Re1 Ng6 12. g3 Qd7 13. Kg2 Rae8 14.
Rxe8 Rxe8 15. Nf1 Nd8 16. Bd2 h6 17. Re1 Rxe1 18. Bxe1 Ne6 19. Bd2 c6 20. h4 h5 21.
Kg1 Nef8 22. Ne3 f6 23. Qf5 Qxf5 24. Nxf5 Bc7 25. Kf1 Kf7 26. Ke2 Ne7 27. Nxe7 Kxe7 28. Kd3 Ke6 29. b3 Kf5 30. Nh2 Ne6 31. Nf1 g5 32.
Ne3+ Kg6 33. Ng2 Ng7 34. hxg5 fxg5 35. f4 Nf5 36. fxg5 Bxg3 37. Ke2 Nh4 38. Ne3 Bf4 39. Nf1 Bxd2 40. Kxd2 Kxg5 41. Ke3 Kg4 42. c4 Nf5+ 43. Kd3 h4 44. cxd5 cxd5 0-1

[Event "Late-Titled-Tuesday-Blitz-September-12-2023"]
[Site "Chess.com"]
[Date "2023.09.12"]
[Round "8"]
[White "CrushingKings"]
[Black "TanitoluwaAps116"]
[Result "0-1"]
[WhiteElo "2513"]
[BlackElo "2703"]
[TimeControl "180+1"]
[EndTime "15:22:05 PDT"]
[Termination "TanitoluwaAps116 won by resignation"]

1. Nf3 Nf6 2. g3 g6 3. b3 Bg7 4. Bb2 O-O 5. Bg2 d6 6. d4 Nc6 7. O-O e5 8. c4 Re8 9. dxe5 dxe5 10. Qxd8 Rxd8 11. Nxe5 Nxe5 12. Bxe5 Re8 13. Bd4 c5 14. Bc3 Rxe2 15. Nd2 Bf5 16. Bxb7 Rd8 17. Nf3 Rd3 18.
Rac1 Be4 19. Bxe4 Nxe4 20. Bxg7 Kxg7 21. Kg2 Rxa2 22. b4 cxb4 23. c5 b3 24. c6 b2 25.
Rc2 b1=Q 26. Rxb1 Rxc2 0-1

[Event "Late-Titled-Tuesday-Blitz-September-12-2023"]
[Site "Chess.com"]
[Date "2023.09.12"]
[Round "8"]
[White "DvaHrasta"]
[Black "GAO"]
[Result "1-0"]
[WhiteElo "2472"]
[BlackElo "2341"]
[TimeControl "180+1"]
[EndTime "15:22:07 PDT"]
[Termination "DvaHrasta won by resignation"]

1. c4 e5 2. g3 c6 3. Nf3 e4 4. Nd4 d5 5. cxd5 cxd5 6. Bg2 Nf6 7. O-O Bc5 8. Nb3 Bb6 9. d3 exd3 10. Qxd3 Nc6 11.
Bg5 Be6 12. Nc3 Ne5 13. Bxf6 Qxf6 14. Nxd5 Bxd5 15. Qxd5 O-O 16. Qxb7 Rab8 17. Qe4 Rfe8 18. e3 a5 19. Rac1 Ng6 20. Qc2 a4 21. Nd2 h5 22.
Nc4 Bc7 23. Qxa4 h4 24. Qc6 Bd8 25. Qxf6 Bxf6 26. b3 Ra8 27. a4 Ra7 28. Nd6 Rb8 29. Rc8+ Rxc8 30. Nxc8 Rb7 31. Rb1 Be5 32. Bxb7 h3 33. a5 Nh4 34. gxh4 Kh7 35. a6 Kh6 36. a7 Kh5 37. a8=Q Kxh4 38. Ne7 g5 39. Qc8 f6 40.
Qh8+ Kg4 41. Bc8+ Kf3 42. Qh5+ Ke4 43. Rd1 Bxh2+ 1-0

[Event "Late-Titled-Tuesday-Blitz-September-12-2023"]
[Site "Chess.com"]
[Date "2023.09.12"]
[Round "8"]
[White "ChessDokmus"]
[Black "Chaos_Magic"]
[Result "1/2-1/2"]
[WhiteElo "2217"]
[BlackElo "2405"]
[TimeControl "180+1"]
[EndTime "15:22:09 PDT"]
[Termination "Game drawn by repetition"]

1. e4 e5 2. d4 exd4 3. Bc4 Nf6 4. Nf3 Nc6 5. O-O Nxe4 6. Nc3 Nxc3 7. bxc3 d5 8. Bb5 Be7 9. Ne5 Bd7 10. Nxd7 Qxd7 11. cxd4 O-O 12. c3 a6 13. Bd3 Bf6 14. Qh5 g6 15. Qf3 Bg7 16. a4 Na5 17. Rb1 c6 18. Ba3 Rfe8 19. Bb4 Nc4 20. Bxc4 dxc4 21. a5 Re6 22.
Bc5 Bf8 23. Bxf8 Rxf8 24. Rb4 Qc7 25. h4 Qxa5 26. Rxb7 h5 27. Rfb1 Qa2 28. Kh2 Qc2 29. R1b2 Qc1 30. Rb1 Qc2 31. R1b2 Qc1 32. Rb1 Qc2 1/2-1/2

[Event "Late-Titled-Tuesday-Blitz-September-12-2023"]
[Site "Chess.com"]
[Date "2023.09.12"]
[Round "8"]
[White "Gyulamiryan-koryun"]
[Black "GMJustin"]
[Result "1-0"]
[WhiteElo "2016"]
[BlackElo "2219"]
[TimeControl "180+1"]
[EndTime "15:22:09 PDT"]
[Termination "Gyulamiryan-koryun won on time"]

1. e4 e5 2. Nf3 Nc6 3. Bc4 Nf6 4. Ng5 d5 5. exd5 Nd4 6. c3 Nf5 7. Qa4+ Nd7 8. d3 Bc5 9. Ne4 Bb6 10. O-O O-O 11. Bg5 Qe8 12. Nbd2 Nc5 13. Nxc5 Bxc5 14. Qc2 Nd6 15. b4 Bb6 16. Bb3 f5 17. c4 Bd4 18.
Rae1 f4 19. Nf3 Qg6 20. Be7 Re8 21. Nxd4 Bh3 22. f3 Rxe7 23. Ne6 Rae8 24. c5 Nf5 25.
Rxe5 1-0

[Event "Late-Titled-Tuesday-Blitz-September-12-2023"]
[Site "Chess.com"]
[Date "2023.09.12"]
[Round "8"]
[White "angryspacevoid"]
[Black "GothamChess"]
[Result "1-0"]
[WhiteElo "2583"]
[BlackElo "2724"]
[TimeControl "180+1"]
[EndTime "15:22:13 PDT"]
[Termination "angryspacevoid won on time"]

1. e4 c6 2. d4 d5 3. Nc3 a6 4. Nf3 Bg4 5. e5 e6 6. h3 Bxf3 7. Qxf3 c5 8. dxc5 Nc6 9. Qg3 Nge7 10. Bd3 Ng6 11. f4 Bxc5 12. h4 Nge7 13. h5 Qb6 14. Bd2 Bd4 15. Rb1 O-O-O 16. a3 g6 17. b4 Nf5 18.
Qf3 Bxc3 19. Bxc3 Ncd4 20. Qf2 gxh5 21. Bxf5 1-0

[Event "Late-Titled-Tuesday-Blitz-September-12-2023"]
[Site "Chess.com"]
[Date "2023.09.12"]
[Round "8"]
[White "AlexOstrovskiy"]
[Black "SpeedofLight0"]
[Result "0-1"]
[WhiteElo "2658"]
[BlackElo "3078"]
[TimeControl "180+1"]
[EndTime "15:22:13 PDT"]
[Termination "SpeedofLight0 won by resignation"]

1. e4 e6 2. d4 d5 3. e5 c5 4. c3 Qb6 5. Nf3 Bd7 6. Bd3 Bb5 7. dxc5 Bxc5 8. b4 Bf8 9. O-O Ne7 10. Be3 Qa6 11.
Bxb5+ Qxb5 12. Na3 Qa6 13. Qb3 Nf5 14. c4 Nd7 15.
cxd5 exd5 16. Qxd5 Nxe3 17. fxe3 Qxa3 18. Nd4 O-O-O 19. Nb5 Qxe3+ 20. Kh1 Qxe5 21. Nxa7+ Kb8 22. Nc6+ bxc6 23. Qxc6 Qc7 24. Qb5+ Qb7 25. Qa4 Bd6 26. Rxf7 Rhf8 27. Rxg7 Be5 0-1

[Event "Late-Titled-Tuesday-Blitz-September-12-2023"]
[Site "Chess.com"]
[Date "2023.09.12"]
[Round "8"]
[White "micke12a"]
[Black "Andrej2004"]
[Result "0-1"]
[WhiteElo "2384"]
[BlackElo "2544"]
[TimeControl "180+1"]
[EndTime "15:22:15 PDT"]
[Termination "Andrej2004 won on time"]

1. e4 b6 2. d4 Bb7 3. Nc3 g6 4.
Nf3 Bg7 5. Bc4 e6 6. O-O Ne7 7. Re1 O-O 8. Bf4 d5 9. exd5 Nxd5 10. Nxd5 Bxd5 11. Bxd5 exd5 12. Qd3 Nc6 13. c3 Qd7 14.
Ne5 Nxe5 15. Bxe5 Rfe8 16. Bxg7 Kxg7 17. Qd2 Re6 18. Rxe6 Qxe6 19. Re1 Qd7 20. Qf4 Re8 21. Rxe8 Qxe8 22. h4 Qe7 23. g3 f6 24. Kh2 h6 25.
Qg4 f5 26. Qf4 a5 27. h5 c5 28. hxg6 Kxg6 29. Qb8 Qe6 30. dxc5 bxc5 31. Qc7 d4 32. Qxc5 d3 33. Qd4 Qe4 34. Qd6+ Kg5 35. Qd8+ Kg4 36. Qh4+ Kf3 37. Qxh6 Ke2 38. Qh5+ Ke1 0-1

[Event "Late-Titled-Tuesday-Blitz-September-12-2023"]
[Site "Chess.com"]
[Date "2023.09.12"]
[Round "8"]
[White "Gentlejimmy7"]
[Black "Giantgoogachess"]
[Result "0-1"]
[WhiteElo "2523"]
[BlackElo "2397"]
[TimeControl "180+1"]
[EndTime "15:22:17 PDT"]
[Termination "Giantgoogachess won on time"]

1. e4 c5 2. Nc3 e6 3. g3 d5 4.
Bg2 Nf6 5. e5 Nfd7 6. f4 Nc6 7.
Nf3 Be7 8. O-O O-O 9. d3 f6 10.
exf6 Bxf6 11. Ne2 e5 12. fxe5 Ndxe5 13. Nxe5 Nxe5 14. Nf4 d4 15. h3 Rb8 16. a4 Bd7 17.
Re1 Re8 18. Bd5+ Kh8 19. Qh5 g6 20. Qd1 Bc6 21. Bxc6 Nxc6 22. Bd2 Qd7 23. Kh2 Kg7 24. Qf3 Rbd8 25. Rxe8 Rxe8 26. Re1 Rxe1 27. Bxe1 Ne5 28. Qe2 Qxa4 29. b3 Qd7 30. Qe4 Kf7 31. Nd5 Qf5 32.
Qxf5 gxf5 33. Kg2 b6 34. Nf4 Bg5 35. Nd5 Ke6 36. Nc7+ Kd7 37. Nb5 a6 38. Na3 b5 39.
h4 Bd8 40. Bd2 Nc6 41. Bf4 Ba5 42. Kf3 Ke6 0-1

[Event "Late-Titled-Tuesday-Blitz-September-12-2023"]
[Site "Chess.com"]
[Date "2023.09.12"]
[Round "8"]
[White "artin10862"]
[Black "mishanick"]
[Result "1-0"]
[WhiteElo "2979"]
[BlackElo "3058"]
[TimeControl "180+1"]
[EndTime "15:22:25 PDT"]
[Termination "artin10862 won by resignation"]

1. Nf3 d5 2. d4 Nf6 3. c4 e6 4. Nc3 Nbd7 5. cxd5 exd5 6. Bg5 c6 7. Qc2 h6 8. Bh4 Be7 9. e3 O-O 10. Bd3 Re8 11. Bg3 Nh5 12. Be5 Nxe5 13. Nxe5 Nf6 14. O-O Bd6 15. f4 Qe7 16. Rf3 Be6 17. Qf2 c5 18.
Rf1 Rac8 19. Qh4 cxd4 20. exd4 Ne4 21. Qxe7 Rxe7 22. f5 Bxe5 23. dxe5 Bd7 24. Nxd5 Rxe5 25. Bxe4 Rxe4 26. f6 Rc2 27. fxg7 Ree2 28. Rg3 Rc6 29. Nf6+ Rxf6 30. Rxf6 h5 31. Rh6 Bg4 32. h3 Kxg7 33. Rd6 1-0

[Event "Late-Titled-Tuesday-Blitz-September-12-2023"]
[Site "Chess.com"]
[Date "2023.09.12"]
[Round "8"]
[White "kreonx"]
[Black "laiciffOneslraCsungaM"]
[Result "1-0"]
[WhiteElo "2462"]
[BlackElo "2330"]
[TimeControl "180+1"]
[EndTime "15:22:26 PDT"]
[Termination "kreonx won by resignation"]

1. e4 e6 2. d4 d5 3. Nd2 c5 4.
exd5 Qxd5 5. Ngf3 cxd4 6. Bc4 Qd7 7. Nb3 Qc7 8. Bb5+ Bd7 9. Nbxd4 Bxb5 10. Nxb5 Qa5+ 11. Nc3 Nf6 12. O-O Be7 13. Qe2 O-O 14.
Rd1 Nc6 15. Ne4 Nxe4 16. Qxe4 Rfd8 17. Bd2 Qd5 18. Qe2 Nd4 19. Nxd4 Qxd4 20. Ba5 Qxb2 21. Bxd8 Bxd8 22. Qc4 Bf6 23. Rab1 Qe5 24. Rxb7 g6 25.
Qc7 Qxc7 26. Rxc7 a5 27. Rdd7 Rf8 28. a4 Be5 29. Rb7 Bc3 30. Kf1 h5 31. Ke2 Bb4 32. c4 Rc8 33. Rxf7 Rxc4 34. Rg7+ Kf8 35. Rgc7 1-0

[Event "Late-Titled-Tuesday-Blitz-September-12-2023"]
[Site "Chess.com"]
[Date "2023.09.12"]
[Round "8"]
[White "nitpicker"]
[Black "jcmesafischer"]
[Result "0-1"]
[WhiteElo "2256"]
[BlackElo "2373"]
[TimeControl "180+1"]
[EndTime "15:22:26 PDT"]
[Termination "jcmesafischer won on time"]

1. d4 Nf6 2. c4 e6 3. g3 d5 4. Nf3 Be7 5. Bg2 O-O 6. O-O dxc4 7. Ne5 Nc6 8. Bxc6 bxc6 9. Nxc6 Qd7 10. Nxe7+ Qxe7 11. Qa4 e5 12. dxe5 Qxe5 13. Qxc4 Be6 14. Qd3 Rad8 15. Qe3 Qh5 16. f3 Rfe8 17. Qf2 Bc4 18. Nc3 Nd5 19. g4 Qe5 20. Nxd5 Rxd5 21. Re1 h5 22. g5 Bxe2 23. Qg3 Qd4+ 24. Qf2 Qd3 25. Bf4 Rf5 26. Qg3 Qd4+ 27. Qf2 Rxf4 28. Rxe2 Rxe2 29.
Qe3 Qxe3+ 0-1

[Event "Late-Titled-Tuesday-Blitz-September-12-2023"]
[Site "Chess.com"]
[Date "2023.09.12"]
[Round "8"]
[White "Hilary46"]
[Black "ARTHURMOTIVATOR"]
[Result "1-0"]
[WhiteElo "2544"]
[BlackElo "2363"]
[TimeControl "180+1"]
[EndTime "15:22:28 PDT"]
[Termination "Hilary46 won by checkmate"]

1. e4 e5 2. Nf3 Nc6 3. Bb5 Nge7 4. Nc3 Ng6 5. h4 Bd6 6. h5 Nf4 7. g3 Ne6 8. h6 g6 9. Bc4 Ncd4 10.
Nxd4 exd4 11. Ne2 c5 12. d3 b5 13. Bd5 Rb8 14. f4 Bb7 15. Bxb7 Rxb7 16. Kf2 f5 17. exf5 gxf5 18. Ng1 O-O 19. Bd2 c4 20. Qf3 Qb6 21.
Qd5 Rc7 22. Nf3 Rc5 23. dxc4 Rxd5 24. cxd5 d3+ 25. Be3 Bc5 26. Rhe1 Bxe3+ 27. Rxe3 Nd4 28. Nxd4 Qxd4 29. Rd1 Qxb2 30. Rdxd3 Qxc2+ 31. Kf3 Qxa2 32. Re7 b4 33. Rxd7 b3 34. Re3 b2 35. Ree7 Qb3+ 36. Kg2 Qxd5+ 37. Rxd5 b1=Q 38. Rdd7 Qc2+ 39. Kh3 Rf6 40.
Rg7+ Kf8 41. Rd8# 1-0

[Event "Late-Titled-Tuesday-Blitz-September-12-2023"]
[Site "Chess.com"]
[Date "2023.09.12"]
[Round "8"]
[White "Vyacheslav_N"]
[Black "GoltsevDmitry2000"]
[Result "0-1"]
[WhiteElo "2484"]
[BlackElo "2627"]
[TimeControl "180+1"]
[EndTime "15:22:30 PDT"]
[Termination "GoltsevDmitry2000 won by resignation"]

1. e4 e6 2. d4 d5 3. Nd2 c5 4. exd5 exd5 5. Bb5+ Nc6 6. Qe2+ Be7 7. dxc5 Nf6 8. Ngf3 O-O 9. O-O Bxc5 10. Nb3 Bb6 11. h3 Qd6 12. c3 a6 13. Bd3 Bd7 14. Bg5 h6 15. Bxf6 Qxf6 16. Rad1 Qf4 17. Rde1 Rae8 18. Qd1 Rxe1 19. Rxe1 Bxh3 20. gxh3 Qg3+ 21.
Kh1 Qxh3+ 22. Nh2 Bc7 23. f4 Bxf4 24. Qe2 Ne5 25. Bc2 Bxh2 26. Qxh2 Qxh2+ 27. Kxh2 Nf3+ 28. Kg3 Nxe1 29. Bb1 Re8 30. Kf2 g5 31. Nd4 g4 32.
Ne2 Nf3 33. Nf4 d4 34. Bf5 dxc3 35. bxc3 Nd2 36. Nd5 Kh8 37. Bxg4 Re5 38. Ne3 Ne4+ 39. Kf3 Nxc3 40. Bc8 Re7 41. a3 a5 42. Bf5 b5 43.
Bd3 b4 44. axb4 axb4 45. Bc4 Rb7 46. Bb3 h5 47. Kf4 Ne2+ 48. Kg5 Nd4 49. Bd1 b3 50. Bxb3 Rxb3 51. Nd5 Rb5 0-1

[Event "Late-Titled-Tuesday-Blitz-September-12-2023"]
[Site "Chess.com"]
[Date "2023.09.12"]
[Round "8"]
[White "hellokostya"]
[Black "Igor_Lysyj"]
[Result "1-0"]
[WhiteElo "2613"]
[BlackElo "2814"]
[TimeControl "180+1"]
[EndTime "15:22:32 PDT"]
[Termination "hellokostya won by resignation"]

1. d4 d5 2. c4 e6 3. Nf3 Nf6 4.
Nc3 dxc4 5. e4 Bb4 6. Bxc4 Nxe4 7. O-O Nf6 8. Qa4+ Nc6 9. Bg5 O-O 10. Rad1 Be7 11.
Qc2 Nd5 12. Bxe7 Ncxe7 13. Rfe1 b6 14. Ne5 Bb7 15. a3 Rc8 16. g3 Ng6 17. Nxg6 hxg6 18. Re5 Nxc3 19. bxc3 Qd6 20. Qe2 Rcd8 21. h4 Qc6 22. d5 exd5 23. Bxd5 Qa4 24. Rd4 Qa6 25.
Bxf7+ Kxf7 26. Re7+ Kg8 27. Qe5 1-0

[Event "Late-Titled-Tuesday-Blitz-September-12-2023"]
[Site "Chess.com"]
[Date "2023.09.12"]
[Round "8"]
[White "Alexei_Gubajdullin"]
[Black "kingofthenil"]
[Result "0-1"]
[WhiteElo "2614"]
[BlackElo "2798"]
[TimeControl "180+1"]
[EndTime "15:22:34 PDT"]
[Termination "kingofthenil won by resignation"]

1. d4 Nf6 2. Nf3 g6 3. Bf4 Bg7 4. e3 d6 5. Be2 O-O 6. O-O Nc6 7.
h3 e5 8. Bh2 Ne4 9. Nbd2 Nxd2 10.
Qxd2 Bf5 11. Rfd1 exd4 12. exd4 Re8 13. c3 Qd7 14. Bb5 a6 15. Ba4 b5 16. Bc2 h6 17.
Re1 g5 18. Rxe8+ Rxe8 19. Re1 Rxe1+ 20. Nxe1 Ne7 21. Qe2 Ng6 22. a4 Bxc2 23. Nxc2 bxa4 24. Qxa6 g4 25. hxg4 Qxg4 26. Qd3 Nh4 27. Bg3 Nf5 28. Qf3 Qxf3 29. gxf3 c5 30. dxc5 dxc5 31. Bc7 Kf8 32. Ne3 Nxe3 33. fxe3 Ke7 34. Bb6 Kd6 35. e4 Bxc3 36. Kf1 Bxb2 37. Ke2 a3 38. e5+ Kc6 39. Bd8 a2 40. Bf6 a1=Q 41. e6 Bxf6 0-1